 Dungeon Crawl Stone Soup version 0.30.1 (webtiles) character file.

Game seed: 12303128156418675564

1071 hawla the Gusty (level 8, -6/87 HPs)
             Began as a Meteoran Fire Elementalist on July 9, 2023.
             Was a Follower of Vehumet.
             Killed by divine providence
             ... invoked by an orc priest
              (12 damage)
             ... on level 8 of the Dungeon.
             The game lasted 00:07:42 (1944 turns).

hawla the Gusty (Meteoran Fire Elementalist)        Turns: 1944, Time: 00:07:43

Health: -6/87      AC:  2    Str: 10    XL:     8   Next: 83%
Magic:  7/25       EV: 13    Int: 18    God:    Vehumet [*.....]
Gold:   214        SH:  0    Dex: 15    Spells: 5/16 levels left

rFire   . . .        g - +0 flail
rCold   . . .        (no shield)
rNeg    . . .        a - +0 robe
rPois   .            (no helmet)
rElec   .            (no cloak)
rCorr   .            (no gloves)
SInv    .            (no boots)
Will    +....        (no amulet) Stlth
                     e - ring of magical power
HPRegen 0.34/turn    (no ring)
MPRegen 0.19/turn

%: no passive effects
@: berserking, flying, very slightly contaminated, glowing, very quick
A: sense surroundings 1, otherworldly, glowing, explore regen
a: Renounce Religion


You were on level 8 of the Dungeon.
You worshipped Vehumet.
Vehumet was aware of your devotion.
You visited 2 branches of the dungeon, and saw 9 of its levels.

You collected 214 gold pieces.

Inventory:

Hand Weapons
 g - a +0 flail (weapon)
Armour
 a - a +0 robe (worn)
Jewellery
 e - a ring of magical power (left hand)
Scrolls
 i - a scroll of identify {unknown}
Potions
 b - a potion of magic
 d - a potion of flight
 f - a potion of heal wounds {unknown}
 h - a potion of attraction {unknown}


   Skills:
 - Level 0.4 Fighting
 - Level 3.2 Dodging
 - Level 1.4 Stealth
 - Level 4.8 Spellcasting
 - Level 5.2 Conjurations
 - Level 5.6 Fire Magic
 + Level 7.6 Air Magic


You had 5 spell levels left.
You knew the following spells:

 Your Spells              Type           Power      Damage    Failure   Level
a - Foxfire               Conj/Fire      92%        2x1d8     1%          1
b - Scorch                Fire           48%        2d7       1%          2
c - Flame Wave            Conj/Fire      23%        2d8       14%         4
d - Airstrike             Air            15%        2d(3-19)  6%          4

Your spell library contained the following spells:

 Spells                   Type           Power      Damage    Failure   Level
 Sandblast                Erth           8%         2d5       14%         1
 Shock                    Conj/Air       100%       1d9       1%          1
 Swiftness                Air            31%        N/A       1%          3
 Inner Flame              Hex/Fire       14%        N/A       13%         3
 Volatile Blastmotes      Fire/Tloc      28%        2d12      13%         3


Dungeon Overview and Level Annotations

Branches:
Dungeon (8/15) Zot: 3091   Temple (1/1) D:5 Zot: 361
   Lair: D:8-11

Altars:
Ashenzari
Dithmenos
Elyvilon
Fedhas
Kikubaaqudgha
Okawaru
Ru
Sif Muna
Trog
Uskayaw
Vehumet
Xom
Yredelemnul
Zin
The Shining One


Innate Abilities, Weirdness & Mutations

You passively map a small area around you.
You are easily found by Zot.
You glow in the dark.
You regain HP and MP as you explore.


Message History

Unknown command.
Casting: Flame Wave (dangerous; 14% risk of failure)
Confirm with . or Enter, or press ? or * to list all spells.
Casting: Flame Wave (dangerous; 14% risk of failure)
Press: ? - help, Dir - look around, f - activate A wave of flame ripples out!
The flame wave engulfs the orc warrior.
The orc warrior is severely wounded.
The flame wave engulfs the orc priest.
The orc priest is moderately wounded. (Press . to intensify the flame waves.)
The orc warrior hits you with a +0 hand axe.
The orc priest invokes the aid of Beogh against you.
Beogh smites you!
* * * LOW HITPOINT WARNING * * *
A wave of flame ripples out!
The flame wave engulfs the orc warrior.
The orc warrior is severely wounded.
The flame wave engulfs the orc priest.
The orc priest is heavily wounded.
The orc warrior closely misses you. The orc priest barely misses you.
Unknown command.
A wave of flame ripples out!
The flame wave engulfs the orc warrior but does no damage.
The orc warrior is severely wounded.
The flame wave engulfs the orc priest.
The orc priest is heavily wounded.
You finish channelling waves of flame.
The orc warrior completely misses you.
The orc priest hits you with a +0 hand axe.
* * * LOW HITPOINT WARNING * * *
It was a potion of flight.
You feel very buoyant.
You fly up into the air.
The orc warrior barely misses you.
The orc priest hits you with a +0 hand axe.
* * * LOW HITPOINT WARNING * * *
It was a potion of berserk rage.
A red film seems to cover your vision as you go berserk!
You feel yourself moving faster!
You feel mighty! The orc warrior closely misses you.
The orc priest calls down the wrath of Beogh upon you.
Beogh smites you!
You die...

...#......# , ,
...#......#, ,
,....... ...#......#
, ....... *
...'......#,,, ,
....... ####.....## ,
....$ ####.....#
,.... #........######
*..# *
#........##...###o.#
**, ,
#..............#@o.#,
, ,
#..............'.).+
,
##..##...#..[###+###
, , * #########...#
,* #...# , * * #...#
#...# #...# * , #....


You could see an orc warrior and an orc priest.

Vanquished Creatures
  An ice beast (D:5)
  A sky beast (D:7)
  A black bear (D:6)
  An ogre (D:4)
  A bullfrog (D:4)
  2 kobold brigands
  A scorpion (D:5)
  5 wights (D:7)
  A jelly (D:4)
  An orc priest (D:7)
  A hound (D:4)
  An iguana (D:7)
  3 adders
  A shadow imp (D:7)
  15 orcs
  A bat (D:2)
  3 endoplasms
  3 giant cockroaches
  5 goblins
  3 hobgoblins
  7 kobolds
  3 ball pythons
  A rat (D:2)
62 creatures vanquished.

Vanquished Creatures (others)
  102 foxfires
102 creatures vanquished.

Grand Total: 164 creatures vanquished

Notes
Turn   | Place    | Note
-------+----------+-------------------------------------------
     0 | D:1      | hawla the Meteoran Fire Elementalist began the quest for
                  | the Orb.
     0 | D:1      | Reached XP level 1. HP: 14/14 MP: 5/5
    65 | D:2      | Reached XP level 2. HP: 20/20 MP: 3/6
   141 | D:2      | Reached XP level 3. HP: 24/26 MP: 8/8
   197 | D:4      | Learned a level 2 spell: Scorch
   308 | D:4      | Reached XP level 4. HP: 33/33 MP: 10/10
   313 | D:4      | Learned a level 4 spell: Flame Wave
   318 | D:4      | Found a basalt altar of Yredelemnul.
   474 | D:4      | Reached XP level 5. HP: 38/38 MP: 11/11
   541 | D:4      | Found a white marble altar of Elyvilon.
   717 | D:4      | Noticed a bullfrog
   718 | D:4      | Noticed an ogre
   720 | D:4      | Killed a bullfrog
   724 | D:4      | Killed an ogre
   725 | D:4      | Reached skill level 5 in Fire Magic
   725 | D:4      | Reached XP level 6. HP: 46/46 MP: 10/13
  1129 | D:5      | Entered Level 5 of the Dungeon
  1222 | D:5      | Noticed an ice beast
  1228 | D:5      | Killed an ice beast
  1229 | D:5      | Reached skill level 5 in Conjurations
  1229 | D:5      | Reached XP level 7. HP: 44/51 MP: 14/14
  1242 | D:5      | Found a staircase to the Ecumenical Temple.
  1260 | Temple   | Entered the Ecumenical Temple
  1267 | Temple   | Learned a level 4 spell: Airstrike
  1483 | Temple   | Became a worshipper of Vehumet
  1524 | D:6      | Reached skill level 2 in Air Magic
  1563 | D:7      | Found a hide-covered altar of Uskayaw.
  1618 | D:7      | Reached skill level 3 in Air Magic
  1647 | D:8      | Reached skill level 4 in Air Magic
  1647 | D:8      | Reached XP level 8. HP: 44/58 MP: 4/16
  1697 | D:7      | Reached skill level 5 in Air Magic
  1718 | D:7      | Reached skill level 6 in Air Magic
  1767 | D:7      | Reached skill level 7 in Air Magic
  1857 | D:7      | Reached * piety under Vehumet
  1857 | D:7      | Offered knowledge of Sandblast by Vehumet.
  1944 | D:8      | Killed from afar by an orc priest

Illustrated notes

Levels and vault maps discovered:
D:1:      mushboom_english_gardens, layout_basic
D:2:      layout_basic
D:3:      layout_basic, dreamdust_ecumenical_altar_statues,
          cheibrodos_sewer_entry_bend, serial_corexii_hall,
          corexii_hall_statues_x, corexii_hall_statues_x,
          chequers_hall_statues_wall_a, corexii_hall_statues_x, serial_shops,
          shop
D:4:      layout_layer_cave, mainiacjoe_overflow_brackets,
          yredelemnul_altar_generic
D:5:      layout_basic, minmay_temple_entry_ruins, gammafunk_ghost_hive
D:6:      layout_basic, serial_shops, shop
D:7:      layout_loops_ring, nicolae_overflow_hidden_temple,
          nicolae_uskayaw_dance_hall, wad_floor_pattern_2
D:8:      layout_gridville, mainiacjoe_overflow_alcove_4, chequers_arboretum,
          sigmund_army
Temple:   hellmonk_temple_forest_ring

Skill      XL: |  1  2  3  4  5  6  7  8 |
---------------+-------------------------+-----
Fire Magic     | 4 5 |  5.6
Spellcasting   | 3 4 |  4.8
Conjurations   | 2 3 4 5 |  5.2
Dodging        | 3 |  3.2
Air Magic      | 4 7 |  7.6
Fighting       | |  0.4
Stealth        | |  1.4

Action                     |  1- 3 |  4- 6 |  7- 9 || total
---------------------------+-------+-------+-------++-------
  Melee: Unarmed           |    10 |       |       ||    10
         Flail             |       |       |    11 ||    11
   Cast: Foxfire           |    30 |     7 |    20 ||    57
         Scorch            |     3 |    11 |    20 ||    34
         Flame Wave        |       |       |    13 ||    13
    Use: Potion            |       |       |     2 ||     2
 Armour: Robe              |     8 |       |       ||     8
  Dodge: Dodged            |     8 |     4 |    30 ||    42
